AoeStats
← RiD[D]iCK

Arabia

505494092Analyzed
2v2 RM · 23d ago on Sep 9, 2026· 62m 27s· 4 players
Game mode
Random Map
Map size
Medium (4 player)
Population
200
Speed
Normal
Resources
Standard
Victory
Conquest
Starting age
Dark Age
Ending age
Imperial Age
RankedLock teamsTeams togetherTeam positionsShared explorationLock speedFull tech treeHidden civsTurbo modeCheats
Victory
Defeat
🇵🇱 Celts · Poland
810
+15
🇵🇱 Vietnamese · Poland
724
+17
🇷🇺 Spanish · Russia
777
-16
🇷🇺 Goths · Russia
775
-16
reverend
7:29 Loom
9:39 Feudal Age
10:35 Double-Bit Axe
11:19 Man-at-Arms
12:24 Arson
16:53 Forging
22:24 Castle Age
20:30 Scale Mail Armor
21:05 Gold Mining
21:03 Horse Collar
22:30 Stone Mining
23:19 Wheelbarrow
23:48 Long Swordsman
24:13 Gambesons
25:44 Iron Casting
25:59 Hand Cart
27:21 Chain Mail Armor
28:28 Town Watch
29:13 Bow Saw
29:05 Heavy Plow
31:34 Fletching
33:53 Town Patrol
35:01 Pikeman
38:30 Gold Shaft Mining
38:30 Stone Shaft Mining
44:27 Bodkin Arrow
48:46 Imperial Age
49:01 Stronghold
50:54 Capped Ram
53:29 Halberdier
56:22 Conscription
56:46 Siege Ram
63:40 Hoardings
Adiko95
0:49 Loom
13:38 Feudal Age
15:29 Wheelbarrow
14:42 Horse Collar
14:52 Double-Bit Axe
15:14 Man-at-Arms
26:07 Bloodlines
31:41 Castle Age
33:06 Hand Cart
32:19 Elite Skirmisher
33:08 Pikeman
33:50 Crossbowman
35:28 Husbandry
35:56 Squires
40:24 Gold Mining
40:24 Stone Mining
40:37 Scale Mail Armor
44:30 Light Cavalry
47:56 Thumb Ring
48:08 Long Swordsman
63:00 Imperial Age
62:02 Arson
RiD[D]iCK
12:51 Feudal Age
14:03 Double-Bit Axe
14:14 Horse Collar
16:47 Fletching
17:49 Gold Mining
18:21 Padded Archer Armor
25:19 Castle Age
24:02 Bloodlines
24:51 Scale Barding Armor
26:23 Husbandry
33:31 Chain Barding Armor
35:24 Heavy Plow
40:13 Wheelbarrow
42:31 Imperial Age
TheMasterChief
12:20 Feudal Age
13:08 Double-Bit Axe
19:33 Castle Age
18:14 Horse Collar
20:48 Bow Saw
21:58 Man-at-Arms
23:00 Forging
23:14 Long Swordsman
28:38 Iron Casting
28:12 Scale Mail Armor
37:58 Scale Barding Armor
39:40 Husbandry
42:19 Light Cavalry
43:54 Bloodlines
47:08 Heavy Plow
49:41 Chain Mail Armor
Connection lost

Rejoining the realm…

Still unreachable

The connection could not be restored.

Session expired

The server has moved on; the page needs a fresh start.